 Dungeon Crawl Stone Soup version 0.30-a0-1163-gf69bf04e7a (webtiles) character file.

Game seed: 13960006135162507502

6 Adrian566 the Ducker (level 1, 0/16 HPs)
             Began as a Vampire Gladiator on Apr 28, 2023.
             Succumbed to an adder's poison
             ... on level 2 of the Dungeon.
             The game lasted 00:00:14 (80 turns).

Adrian566 the Ducker (Vampire Gladiator)              Turns: 80, Time: 00:00:15

Health: 0/16       AC:  4    Str: 10 (13) XL:     1   Next: 75%
Magic:  1/1        EV: 12    Int:  8 (10) God:
Gold:   14         SH:  0    Dex: 13 (15) Spells: 0/0 levels left

rFire   . . .        a - +0 long sword
rCold   . . .        (no shield)
rNeg    . . .        b - +0 leather armour
rPois   .            c - +0 helmet
rElec   .            (no cloak)
rCorr   .            (no gloves)
SInv    +            (no boots)
Will    .....        (no amulet)
Stlth   +            (no ring)
HPRegen 0.42/turn    (no ring)
MPRegen 0.07/turn

%: no passive effects
@: lethally poisoned (0 -> -1), healing quickly
A: alive, fangs 3, see invisible, vampiric 1
a: Exsanguinate


You were on level 2 of the Dungeon.
You visited 1 branch of the dungeon, and saw 2 of its levels.

You collected 14 gold pieces.

Inventory:

Hand Weapons
 a - a +0 long sword (weapon)
Missiles
 d - 3 throwing nets (quivered)
 e - a javelin
Armour
 b - a +0 leather armour (worn)
 c - a +0 helmet (worn)


   Skills:
 + Level 1.8 Fighting
 * Level 3.2 Long Blades
 + Level 1.5 Throwing
 + Level 3.4 Dodging


You couldn't memorise any spells.
You didn't know any spells.
Your spell library was empty.

Dungeon Overview and Level Annotations

Branches:
Dungeon (1/15)

Altars:

Shops:
D:1 =


Innate Abilities, Weirdness & Mutations

Your natural rate of healing is accelerated.
You have razor-sharp teeth.
You have supernaturally acute eyesight. (SInv)
You are afflicted with vampirism.


Message History

You kill the jackal!
You hit the jackal.
You kill the jackal!
The jackal barely misses you.
You slash the jackal!
You kill the jackal!
The adder barely misses you.
You barely miss the adder. The adder barely misses you.
You miss the adder. Your bite misses the adder. The adder barely misses you.
The adder bites you.
You are poisoned.
The adder poisons you!
You completely miss the adder.
You feel sick. The adder bites you but does no damage. The adder misses you.
You hit the adder but do no damage.
You feel sick. The adder misses you.
You miss the adder.
You feel sick. The adder barely misses you. x2
You hit the adder. Your bite misses the adder.
The adder is lightly wounded.
You feel sick. The adder bites you but does no damage.
You hit the adder.
The adder is heavily wounded.
You feel sick.
You are no longer poisoned.
The adder bites you.
You are poisoned.
The adder poisons you! The adder bites you.
* * * LOW HITPOINT WARNING * * *
You miss the adder.
The adder is heavily wounded.
* * * LOW HITPOINT WARNING * * *
You feel sick. The adder barely misses you.
You barely miss the adder. You bite the adder.
The adder is severely wounded.
* * * LOW HITPOINT WARNING * * *
You feel sick.
The adder bites you but does no damage. x2
Unknown command.
It was a potion of degeneration.
There was something very wrong with that liquid.
You feel weakened.
You feel dopey.
You feel clumsy.
You die...

#............#
#............#
#............#
#...........##
#...........#
#...........#
......#'########
#####.#...># #
#..#@# #..#S#
##.#.. <.....
..##### #...
#.##


You could see an adder.

Vanquished Creatures
  A hobgoblin (D:1)
  3 jackals (D:2)
  A rat (D:1)
5 creatures vanquished.

Notes
Turn   | Place    | Note
-------+----------+-------------------------------------------
     0 | D:1      | Adrian566 the Vampire Gladiator began the quest for the
                  | Orb.
     0 | D:1      | Reached XP level 1. HP: 16/16 MP: 1/1
    19 | D:1      | Noticed a minotaur skeleton
    27 | D:1      | Found Alatwasi's Jewellery Shop.
    51 | D:1      | You fall into a shaft and drop 1 floor!
    80 | D:2      | Succumbed to an adder's poison

Illustrated notes

Levels and vault maps discovered:
D:1:      shiori_arrival_whats_in_store_for_you, layout_basic, serial_shops,
          shop
D:2:      layout_basic, shapermc_ecumenical_altar_rom_forum, serial_forest,
          infiniplex_forest_lined_1, infiniplex_forest_clump_C,
          infiniplex_forest_clump_diagonal, infiniplex_forest_clump_tiny,
          infiniplex_forest_end_3, infiniplex_forest_end_2,
          infiniplex_forest_clump_small, minmay_unequal

Action                     || total
---------------------------++-------
  Melee: Long sword        ||    22
         Bite              ||     1
    Use: Potion            ||     1
 Armour: Leather armour    ||     8
  Dodge: Dodged            ||    17

Table legend: (Time is in decaauts)
 A = Elapsed time spent in this place.
 B = Non-inter-level travel time spent in this place.
 C = Inter-level travel time spent in this place.
 D = Time resting spent in this place.
 E = Time spent auto-exploring this place.
 F = Levels seen in this place.
 G = Mean time per level.
                   A        B        C        D        E       F      G
               +--------+--------+--------+--------+--------+-----+--------+
         Total |     84 |     84 |      0 |      0 |     47 |   2 |   42.0 |
       Dungeon |     84 |     84 |      0 |      0 |     47 |   2 |   42.0 |
               +--------+--------+--------+--------+--------+-----+--------+

Top non-repeatable levels by time:
     D:1: 52 daAuts
     D:2: 31 daAuts
